Map: World of Sleepers LE

Players

prospeKt - Winner!

  • Race: Protoss Protoss
  • Spawn Location: 7:00

VOD

Have the link to the VOD?

Description

Time

  • Played on: Dec. 12, 2019, 12:02 p.m.
  • Length: 17:24
Show
View Real Time Build Order
Export as new Build Order

prospeKt Protoss - Winner!

Build Orders:  

Get SALT Encoding   

  12  0:00  Probe (Chrono Boost)  
  13  0:12  Probe (Chrono Boost)  
  14  0:25  Pylon  
  14  0:29  Probe (Chrono Boost)  
  15  0:51  Gateway  
  15  0:53  Probe (Chrono Boost)  
  17  1:10  Probe (Chrono Boost)  
  17  1:11  Assimilator  
  17  1:26  Probe (Chrono Boost)  
  17  1:28  Gateway  
  18  1:35  Pylon  
  18  1:37  Probe (Chrono Boost)  
  18  1:48  Probe (Chrono Boost)  
  20  2:03  Cybernetics Core  
  20  2:04  Probe (Chrono Boost)  
  21  2:11  Assimilator  
  22  2:21  Probe (Chrono Boost)  
  22  2:38  Probe (Chrono Boost)  
  23  2:55  Probe (Chrono Boost)  
  24  3:02  Nexus  
  25  3:12  Probe (Chrono Boost)  
  25  3:28  Probe (Chrono Boost)  
  26  3:31  Stalker x2  
  30  3:45  Probe (Chrono Boost)  
  31  4:09  Pylon  
  31  4:35  Probe (Chrono Boost)  
  31  4:36  Stalker  
  31  4:37  Stalker  
  36  4:41  Probe (Chrono Boost)  
  36  4:46  Probe (Chrono Boost)  
  37  4:52  Probe (Chrono Boost)  
  37  4:58  Probe (Chrono Boost)  
  37  4:59  Pylon  
  39  5:06  Probe (Chrono Boost)  
  41  5:12  Pylon  
  41  5:15  Probe (Chrono Boost)  
  41  5:18  Stalker x2  
  46  5:26  Probe (Chrono Boost)  
  47  5:32  Probe (Chrono Boost)  
  48  5:41  Assimilator  
  48  5:43  Warp Gate, Probe (Chrono Boost)  
  48  5:44  Assimilator  
  48  5:49  Probe (Chrono Boost)  
  50  5:59  Probe (Chrono Boost)  
  51  6:06  Probe (Chrono Boost)  
  52  6:13  Probe (Chrono Boost)  
  52  6:16  Nexus  
  52  6:17  Probe (Chrono Boost)  
  53  6:24  Probe (Chrono Boost)  
  53  6:29  Probe (Chrono Boost)  
  55  6:36  Probe (Chrono Boost)  
  57  6:44  Probe (Chrono Boost)  
  58  6:52  Gateway  
  58  6:53  Gateway  
  58  6:56  Gateway  
  58  7:00  Robotics Facility  
  58  7:07  Probe x2 (Chrono Boost)  
  60  7:21  Pylon  
  60  7:24  Pylon, Probe x2 (Chrono Boost)  
  60  7:27  Pylon  
  60  7:28  Stalker x2  
  68  7:41  Probe x2 (Chrono Boost)  
  68  7:53  Probe x2 (Chrono Boost)  
  70  8:03  Probe (Chrono Boost)  
  70  8:04  Probe (Chrono Boost)  
  70  8:05  Probe (Chrono Boost)  
  70  8:09  Pylon  
  73  8:12  Immortal  
  73  8:13  Stalker x2  
  82  8:20  Probe x2 (Chrono Boost)  
  82  8:21  Probe (Chrono Boost)  
  84  8:36  Assimilator  
  84  8:37  Assimilator, Probe x2 (Chrono Boost)  
  84  8:38  Probe (Chrono Boost)  
  87  8:54  Probe x2 (Chrono Boost)  
  87  8:55  Probe (Chrono Boost)  
  90  9:05  Nexus  
  93  9:10  Stalker x3  
  93  9:11  Stalker x2, Probe x2 (Chrono Boost)  
  93  9:12  Probe (Chrono Boost)  
  103  9:27  Immortal  
  103  9:28  Probe x2 (Chrono Boost)  
  109  9:39  Pylon  
  109  9:41  Pylon  
  109  9:44  Pylon  
  109  9:46  Probe x3 (Chrono Boost)  
  109  9:47  Pylon  
  112  9:51  Pylon  
  112  9:57  Stalker  
  112  9:59  Stalker  
  116  10:01  Probe x2 (Chrono Boost)  
  116  10:02  Probe (Chrono Boost)  
  119  10:13  Probe x2 (Chrono Boost)  
  119  10:14  Probe (Chrono Boost)  
  119  10:16  Immortal (Chrono Boost)  
  126  10:33  Stalker x5  
  136  10:59  Robotics Facility  
  136  11:05  Robotics Facility  
  140  11:11  Immortal (Chrono Boost)  
  140  11:12  Robotics Facility  
  140  11:16  Gateway  
  140  11:19  Gateway  
  140  11:21  Gateway  
  140  11:24  Gateway  
  140  11:27  Gateway  
  140  11:31  Stalker  
  140  11:32  Stalker  
  144  11:53  Gateway  
  144  11:56  Gateway  
  144  11:58  Pylon  
  148  12:00  Pylon, Gateway, Immortal (Chrono Boost)  
  148  12:02  Stalker  
  148  12:03  Stalker x3  
  148  12:05  Pylon  
  148  12:06  Gateway, Immortal x2 (Chrono Boost)  
  164  12:20  Immortal (Chrono Boost)  
  168  12:32  Assimilator  
  168  12:37  Assimilator  
  168  12:40  Stalker x4  
  168  12:41  Stalker  
  168  12:42  Stalker  
  168  12:47  Pylon  
  180  13:26  Stalker  
  180  13:27  Immortal (Chrono Boost)  
  180  13:28  Stalker, Immortal x2 (Chrono Boost)  
  180  13:29  Immortal (Chrono Boost)  
  200  14:23  Nexus  
  200  14:28  Gateway x2  
  200  14:32  Gateway  
  200  14:35  Gateway  
  200  14:39  Gateway  
  200  14:43  Gateway  
  200  14:46  Gateway  
  200  14:56  Gateway  
  200  15:06  Gateway  
  200  15:12  Gateway  
  200  15:13  Forge  
  200  15:17  Gateway  
  200  15:18  Twilight Council  
  200  15:24  Gateway  
  200  15:25  Forge  
  198  16:49  Observer  
Tags
 
Add a new tag
Caveats
  • Supply blocks, unpowered buildings, or Contaminate may cause inaccurate times.
  • Supply counts are checked every 10 seconds.